 Dungeon Crawl Stone Soup version 0.13-a0-2739-gace2dc1 (webtiles) character file.

489 Gruud the Poker (level 6, -2/48 HPs)
             Began as a Djinni Warper on Aug 21, 2013.
             Slain by a kobold
             ... wielding a +3,+0 elven whip of electrocution
              (22 damage)
             ... on Level 4 of the Dungeon.
             The game lasted 00:10:20 (3012 turns).

Gruud the Poker (Djinni Warper)                     Turns: 3012, Time: 00:10:20

HP  -2/48        AC 12     Str 12      XL: 6   Next: 12%
MP   0/0         EV 11     Int 13      God:
Gold 192         SH  0     Dex 14      Spells:  2 memorised,  6 levels left

Res.Fire  : + + +   See Invis. : .   a - +3,+1 elf trident
Res.Cold  : x . .   Warding    : .   y - +2 orc leather armour
Life Prot.: + + +   Conserve   : .   (no shield)
Res.Poison: .       Res.Corr.  : .   (no helmet)
Res.Elec. : .       Clarity    : .   w - +1 cloak
Sust.Abil.: . .     Spirit.Shd : .   (no gloves)
Res.Mut.  : .       Stasis     : .   (boots unavailable)
Res.Rott. : .       Flight     : .   (no amulet)
Saprovore : . . .                    h - +5 ring of protection
                                     s - ring of protection from magic

@: somewhat resistant to hostile enchantments, unstealthy
A: fire immunity, cold vulnerability, life protection 3
a: no special abilities


You were on level 4 of the Dungeon.
You were not hungry.

You visited 1 branch of the dungeon, and saw 5 of its levels.

You collected 142 gold pieces.

Inventory:

Hand weapons
 a - a +3,+1 elven trident (weapon)
 t - a +0,+0 spear {=f}
 F - a +0,+0 halberd
Missiles
 e - 15 darts (quivered)
 f - 10 darts of dispersal
Armour
 w - a +1 cloak (worn)
 y - a +2 orcish leather armour (worn)
Magical devices
 B - a wand of paralysis (10)
Comestibles
 r - 2 meat rations
 A - a bread ration
 C - a slice of pizza
Scrolls
 b - a scroll of fog {unknown}
 d - a scroll of blinking
 o - 3 scrolls of enchant weapon II
 v - 2 scrolls of fear
 x - a scroll of teleportation
 E - a scroll of noise {unknown}
 H - a scroll of remove curse {unknown}
Jewellery
 g - an uncursed ring of protection from fire {unknown}
 h - a +5 ring of protection (right hand)
 k - an uncursed ring of positive energy {unknown}
 s - a ring of protection from magic (left hand)
 D - an uncursed amulet of warding {unknown}
Potions
 i - a potion of mutation {unknown}
 j - a potion of agility {unknown}
 l - a potion of invisibility {unknown}
 m - 2 potions of might
 n - 2 potions of restore abilities
 p - 3 potions of curing {unknown}
 q - 2 potions of heal wounds {unknown}
 u - a potion of poison {unknown}
 z - a potion of cure mutation {unknown}
Books
 c - a book of Spatial Translocations

   Spells                             Type                      Level
   *Apportation                       Translocation                1
   Portal Projectile                  Translocation                2
   *Blink                             Translocation                2
   Shroud of Golubria                 Charms/Translocation         2
   Teleport Other                     Translocation                3
   Passage of Golubria                Translocation                4
 G - a book of Geomancy

   Spells                             Type                      Level
   Sandblast                          Earth                        1
   Stoneskin                          Transmutation/Earth          2
   Passwall                           Transmutation/Earth          3
   Stone Arrow                        Conjuration/Earth            3
   Petrify                            Transmutation/Earth          4
   Lee's Rapid Deconstruction         Earth                        5


   Skills:
 - Level 1.7 Fighting
 * Level 7.0 Polearms
 - Level 0.8 Throwing
 - Level 1.1 Armour
 - Level 1.7 Dodging
 - Level 2.4 Spellcasting
 - Level 3.0 Translocations
 + Level 1.3 Evocations


You had 6 spell levels left.
You knew the following spells:

 Your Spells              Type           Power        Failure   Level  Hunger
a - Apportation           Tloc           #.........   10%         1    #......
b - Blink                 Tloc           N/A          12%         2    ###....


Dungeon Overview and Level Annotations

Branches:
Dungeon (5/27)
 Temple: D:4-7

Altars:

Annotations
D:4 potion in glass vault


Innate Abilities, Weirdness & Mutations

You are immune to all types of fire, even holy and hellish.
You are vulnerable to cold.
You need no food.
You have no legs.
You are immune to negative energy.


Message History

A kobold comes into view. It is wielding a runed elven whip.
The kobold shouts!
The kobold throws a dart.
The dart hits you!
You see here a dart.
The kobold throws a dart.
The dart hits you!
You see here a dart.
The kobold throws a dart.
The dart hits you!
The kobold throws a dart.
The dart misses you.
Attack whom?
Press: ? - help, Dir - move target cursor, f - kobold
Aim: a kobold, wielding a runed elven whip You reach to attack!
Your leather armour prevents you from hitting the kobold.
You closely miss the kobold. The kobold hits you but does no damage.
You are electrocuted!
You closely miss the kobold. The kobold hits you but does no damage.
You are electrocuted!
You closely miss the kobold. The kobold hits you but does no damage.
You are electrocuted!
You die...

##.###.###.# ...........
.#....#....# ####......
.###.###.### #...... .# ##.#.##
### ##..... .# ##.## ... #.....
.# #.# #.# #.###. .# #.# #.#
#.###. .# #.# #K# #..... .# #.#
#@# ##...## ## ##.# #.####
##.....# # ##..#
#.##.######.......
####...#########(......##........
'%.............(........'........
####...#########(#...#.##........
# ##..# #.....#.###....[.. ##.#
#.###.#.# ##.....# #.# #.#
#.#.#####...##


You could see a kobold.

Vanquished Creatures
  The ghost of Bastard the Insei, an average DrTm (D:3)
  2 worker ants (D:4)
  Ijyb (D:2)
  6 adders
  2 worms
  An iguana skeleton (D:4)
  4 giant geckos
  4 oozes
  7 orcs
  A ball python (D:2)
  3 giant cockroaches
  9 goblins
  4 hobgoblins
  8 bats
  2 giant newts
  8 kobolds
  5 rats
68 creatures vanquished.

Notes
Turn   | Place    | Note
--------------------------------------------------------------
     0 | D:1      | Gruud, the Djinni Warper, began the quest for the Orb.
     0 | D:1      | Reached XP level 1. HP: 14/14 MP: 0/0
   150 | D:1      | Reached XP level 2. EP: 21/21
   157 | D:1      | Learned a level 2 spell: Blink
   845 | D:2      | Noticed Ijyb
   890 | D:2      | Killed Ijyb
   890 | D:2      | Reached skill level 4 in Polearms
   890 | D:2      | Reached XP level 3. EP: 12/27
  1409 | D:2      | Reached XP level 4. EP: 30/34
  1568 | D:3      | Reached skill level 5 in Polearms
  1762 | D:3      | Noticed Bastard's ghost (average DrTm)
  1786 | D:3      | Killed Bastard's ghost
  1786 | D:3      | Reached skill level 6 in Polearms
  1786 | D:3      | Reached XP level 5. EP: 13/42
  2403 | D:5      | Entered Level 5 of the Dungeon
  2427 | D:4      | Reached skill level 1 in Evocations
  2697 | D:4      | Reached XP level 6. EP: 48/48
  2901 | D:4      | Reached skill level 7 in Polearms
  3012 | D:4      | Slain by a kobold

Action                   |  1- 3 |  4- 6 || total
-------------------------+-------+-------++-------
Melee: Spear             |   170 |       ||   170
       Trident           |    39 |   146 ||   185
Evoke: Wand              |       |     1 ||     1
  Use: Scroll            |     7 |     2 ||     9
 Stab: Paralysed         |       |     1 ||     1
